[Event "Late-Titled-Tuesday-Blitz-March-19-2024"]
[Site "Chess.com"]
[Date "2024.03.19"]
[Round "9"]
[White "diamonds13"]
[Black "Quattroporte300"]
[Result "1-0"]
[WhiteElo "2375"]
[BlackElo "2479"]
[TimeControl "180+1"]
[EndTime "15:43:48 PDT"]
[Termination "diamonds13 won by resignation"]

1. d4 d5 2. c4 dxc4 3. e3 Nf6 4. Bxc4 e6 5. Nf3 c5 6. O-O a6 7. Qe2 Nc6 8. a4 cxd4 9. Rd1 Be7 10. exd4 O-O 11. Nc3 Nb4 12. Bg5 h6 13. Bh4 Nbd5 14. Bg3 Nh5 15. Nxd5 exd5 16. Bxd5 Nxg3 17. hxg3 Bf6 18.
Qc4 Bg4 19. Rd3 Rc8 20. Qb3 Bf5 21. Rd2 Qd6 22. Re1 Rc7 23. Ne5 g6 24. g4 Bg5 25.
gxf5 Bxd2 26. Rd1 Rc1 27. Rxc1 Bxc1 28. fxg6 Kg7 29. Qxb7 Bf4 30. Nxf7 Qc7 31. g3 Qxb7 32. Bxb7 Kxg6 33. Ne5+ Bxe5 34. dxe5 a5 35. Be4+ Kf7 36. Bd5+ Ke7 37. b3 h5 38. Kg2 Rd8 39. Bc4 Rd2 40. Kf3 Rb2 41. Ke3 Ra2 42. f4 Rg2 43. Kf3 Rc2 44. f5 Rc3+ 45. Kf4 Rc1 46. f6+ Kf8 47. e6 Rf1+ 48. Kg5 Re1 49. e7+ 1-0

[Event "Late-Titled-Tuesday-Blitz-March-19-2024"]
[Site "Chess.com"]
[Date "2024.03.19"]
[Round "9"]
[White "Bala-Afiada"]
[Black "Szachulec75"]
[Result "1-0"]
[WhiteElo "1882"]
[BlackElo "2171"]
[TimeControl "180+1"]
[EndTime "15:43:49 PDT"]
[Termination "Bala-Afiada won by resignation"]

1. d4 Nf6 2. c4 d6 3. Nc3 g6 4. e4 Bg7 5. Nf3 O-O 6. Be2 Bg4 7.
Ng1 Bxe2 8. Ngxe2 e5 9. dxe5 dxe5 10. Qxd8 Rxd8 11. Bg5 c6 12. h3 a5 13. O-O Na6 14.
a3 h6 15. Be3 Rd3 16. Rad1 Rad8 17. Rxd3 Rxd3 18. Nc1 Rd7 19. f3 Bf8 20. Rd1 Rxd1+ 21. Nxd1 Bc5 22. Nd3 Bxe3+ 23. Nxe3 Nd7 24. Ng4 f6 25.
Nxh6+ Kf8 26. Ng4 Ke7 27. Kf2 Nb6 28. Ne3 a4 29. g4 Kd6 30. h4 Nd7 31. h5 gxh5 32.
gxh5 Ke7 33. Nf5+ Kf7 34. Nd6+ Kg7 35. Nxb7 Kh6 36. Na5 c5 37. Nb7 Kxh5 38. Ke3 Kg5 39. f4+ Kg4 40. fxe5 fxe5 41. Nd6 Nb6 42. Nxe5+ Kg5 43. Nd3 Kf6 44. e5+ Ke6 45. Ke4 Nd7 46.
Nf4+ Ke7 47. Nd5+ Ke6 48. Nb5 Nb6 49. Nxb6 Ke7 50. Nd5+ Ke6 51. Nbc3 Kd7 52. Nxa4 Kc6 53. b4 cxb4 54. axb4 Kd7 55. b5 Nb8 56. Nc5+ Ke8 57. Nc7+ 1-0

[Event "Late-Titled-Tuesday-Blitz-March-19-2024"]
[Site "Chess.com"]
[Date "2024.03.19"]
[Round "9"]
[White "NovakRatko"]
[Black "Alexei_Gubajdullin"]
[Result "0-1"]
[WhiteElo "2416"]
[BlackElo "2635"]
[TimeControl "180+1"]
[EndTime "15:43:50 PDT"]
[Termination "Alexei_Gubajdullin won on time"]

1. d4 Nf6 2. c4 g6 3. Nc3 Bg7 4.
e4 d6 5. f3 O-O 6. Be3 c5 7. dxc5 dxc5 8. Qxd8 Rxd8 9. Bxc5 Nc6 10. Nd5 e6 11. Ne7+ Nxe7 12. Bxe7 Re8 13. Ba3 Nd7 14.
Ne2 b6 15. O-O-O Nc5 16. Bxc5 bxc5 17. Kc2 Bb7 18. Nc3 f5 19. Bd3 Red8 20. exf5 gxf5 21. Rhe1 Kf7 22. Nb5 Bc8 23. Be2 Rxd1 24. Rxd1 Ke7 25.
f4 a6 26. Bf3 Rb8 27. Nc3 Bd7 28. Re1 Rg8 29. g3 h5 30. Nd5+ Kd6 31. Nb6 Be8 32.
b3 h4 33. Rd1+ Ke7 34. Nc8+ Kf6 35. Nd6 Bg6 36. Nb7 hxg3 37. hxg3 Bf8 38. Rd8 Ke7 39. Rb8 Bf7 40. Nxc5 Rxg3 41. Bc6 Rg2+ 42. Kc3 Rg3+ 43. Kd2 Bh6 0-1

[Event "Late-Titled-Tuesday-Blitz-March-19-2024"]
[Site "Chess.com"]
[Date "2024.03.19"]
[Round "9"]
[White "xxysoul6"]
[Black "DenLaz"]
[Result "1-0"]
[WhiteElo "2997"]
[BlackElo "3093"]
[TimeControl "180+1"]
[EndTime "15:43:53 PDT"]
[Termination "xxysoul6 won by resignation"]

1. d4 f5 2. Nc3 Nf6 3. Bg5 d5 4. Bxf6 exf6 5. e3 Be6 6. Nge2 Qd7 7. Nf4 Bf7 8. Bb5 c6 9. Bd3 Bd6 10. h4 a5 11. Qf3 Na6 12. a3 g6 13. Nce2 h5 14.
Rc1 b5 15. a4 bxa4 16. c4 Nb4 17. cxd5 cxd5 18. Bb1 Kf8 19. O-O Kg7 20. Rc3 g5 21. Ng3 gxf4 22. Nxf5+ Kf8 23. Rfc1 Be6 24. Nxd6 Qxd6 25.
exf4 Bg4 26. Qe3 Re8 27. Qd2 Bd7 28. Rc5 Nc6 29. Ba2 Ne7 30. Rxa5 Kf7 31. Ra7 Ra8 32. Rxa8 Rxa8 33. Qd3 Bf5 34. Qf3 Bg4 35. Qd3 Kg7 36.
Re1 Ng6 37. Bb1 Nf8 38. f5 Rb8 39. Qd2 Qb4 40. Qc1 Rc8 41. Qe3 Qxb2 42. Qe7+ Kg8 43. Qxf6 Qb7 44. Re7 Rc1+ 45. Kh2 Qxe7 46. Qxe7 Rxb1 47.
f6 Ne6 48. f7+ Kh8 49. Qxe6 Bxe6 50. f8=Q+ Kh7 51. Qe7+ 1-0

[Event "Late-Titled-Tuesday-Blitz-March-19-2024"]
[Site "Chess.com"]
[Date "2024.03.19"]
[Round "9"]
[White "Yan_Dyomin2010"]
[Black "ArmanGhevondyanchess"]
[Result "0-1"]
[WhiteElo "2721"]
[BlackElo "2618"]
[TimeControl "180+1"]
[EndTime "15:43:53 PDT"]
[Termination "ArmanGhevondyanchess won by resignation"]

1. e4 c5 2. c3 d5 3. exd5 Qxd5 4. d4 Nf6 5. Nf3 e6 6. Be3 cxd4 7. cxd4 Nc6 8. Nc3 Bb4 9. Bd3 O-O 10. O-O Qh5 11.
Rc1 Rd8 12. a3 Bd6 13. h3 Bd7 14. Qe2 Rac8 15. Rfd1 h6 16. Bb1 Ne7 17. Qd3 Bc6 18.
Ne1 Nf5 19. Qd2 Nh4 20. f3 Ng6 21. Qf2 Ne7 22. Nd3 Ned5 23. Bd2 Bb8 24. Nxd5 Qxd5 25.
Bc3 Qh5 26. Ne5 Nd5 27. Qc2 f5 28. Qd2 Bxe5 29. dxe5 Qg5 30. Qxg5 hxg5 31. Bd2 f4 32. Be4 Kf7 33. Kf2 Ne7 34. Bxc6 Rxc6 35. Bc3 Rxd1 36. Rxd1 Nd5 37. Rd3 Kg6 38. Ke2 Kf5 39. Bd4 Rc2+ 40. Rd2 Rxd2+ 41. Kxd2 a6 42. Kd3 b5 43. a4 Ne7 44. axb5 axb5 45. Bc5 Nc6 46. Bf8 g6 47. Bg7 Nxe5+ 48. Kd4 Nc4 49. Kc5 e5 50. Kxb5 Nxb2 51. Bf8 Nd3 52. Bb4 Nxb4 53. Kxb4 e4 54. fxe4+ Kxe4 55. Kc4 Ke3 56. Kd5 Kf2 0-1

[Event "Late-Titled-Tuesday-Blitz-March-19-2024"]
[Site "Chess.com"]
[Date "2024.03.19"]
[Round "9"]
[White "teresin05"]
[Black "PapaieDudu"]
[Result "1-0"]
[WhiteElo "2263"]
[BlackElo "2450"]
[TimeControl "180+1"]
[EndTime "15:43:55 PDT"]
[Termination "teresin05 won on time"]

1. e4 c5 2. Nf3 d6 3. d4 cxd4 4. Nxd4 Nf6 5. f3 a6 6. c4 e6 7. Nc3 Be7 8. Be3 O-O 9. Be2 Nc6 10. O-O Qc7 11. Qd2 Rd8 12. Rfc1 Qb8 13. Bf1 Bd7 14. a3 h6 15. b4 Ne5 16. a4 b6 17. a5 bxa5 18.
bxa5 Qc7 19. Na4 Bxa4 20. Rxa4 Rac8 21. Rb1 d5 22. cxd5 exd5 23. Nf5 dxe4 24. Nxe7+ Qxe7 25. Qf2 exf3 26. gxf3 Neg4 27. fxg4 Ne4 28. Qf3 Nc3 29. Rb7 Qe6 30. Rf4 Rf8 31. Bd4 Nd5 32. Re4 Qc6 33.
Rb2 Qc1 34. Ree2 Nf4 35. Rf2 Ne6 36. Be3 Qc7 37. Bxa6 Rce8 38. Bd3 Ng5 39. Bxg5 hxg5 40. Qf5 g6 41. Qxg5 Re5 42. Qf6 Qc1+ 43. Kg2 Qc3 44. Bxg6 Qc7 45. Bf5 Re7 46. Qg5+ 1-0

[Event "Late-Titled-Tuesday-Blitz-March-19-2024"]
[Site "Chess.com"]
[Date "2024.03.19"]
[Round "9"]
[White "Eloist"]
[Black "Dhaydon19"]
[Result "0-1"]
[WhiteElo "2502"]
[BlackElo "2675"]
[TimeControl "180+1"]
[EndTime "15:43:56 PDT"]
[Termination "Dhaydon19 won on time"]

1. e4 c6 2. Nf3 d5 3. d3 Bg4 4. h3 Bxf3 5. Qxf3 e6 6. Be2 Nf6 7.
O-O Bd6 8. Re1 Nbd7 9. Bf1 Qc7 10. Qe2 O-O 11. g3 dxe4 12. dxe4 Bc5 13. e5 Nd5 14. Nd2 Ne7 15. Nb3 Bb6 16. a4 a5 17. Bg5 Ng6 18. Rad1 Ndxe5 19. h4 f6 20. Be3 Rae8 21.
h5 Ne7 22. Nc5 Nd5 23. Bd4 Qf7 24. Bh3 Kh8 25. c4 Nb4 26. f4 Bxc5 27. Bxc5 Nd7 28. Bxf8 Nxf8 29. Bg4 g6 30. Rd2 e5 31. Red1 e4 32.
Rd8 f5 33. Bh3 Qe7 34. Rxe8 Qxe8 35. Qd2 Ne6 36. Qd6 Nd3 37. h6 Kg8 38. Bf1 Ndc5 39. Qe5 Kf7 40. Rd6 Qe7 41. Be2 Qf6 42. Qxf6+ Kxf6 43.
Bd1 Ke7 44. Rd2 Nd8 45. Bc2 Nf7 46. Kf2 Nxh6 47. Ke3 Nf7 48. Kd4 Ne6+ 49. Kc3 Nd6 50. b4 axb4+ 51. Kxb4 b6 52. a5 bxa5+ 53. Kxa5 Nxc4+ 54. Ka6 Nxd2 0-1

[Event "Late-Titled-Tuesday-Blitz-March-19-2024"]
[Site "Chess.com"]
[Date "2024.03.19"]
[Round "9"]
[White "Meri-Arabidze"]
[Black "LangesNasenhaar"]
[Result "1-0"]
[WhiteElo "2680"]
[BlackElo "2542"]
[TimeControl "180+1"]
[EndTime "15:43:57 PDT"]
[Termination "Meri-Arabidze won on time"]

1. d4 g6 2. c4 Bg7 3. Nf3 c5 4.
d5 d6 5. Nc3 Bxc3+ 6. bxc3 e5 7. e4 Nf6 8. Bd3 Bg4 9. h3 Bxf3 10. Qxf3 Nbd7 11. Bh6 Qe7 12. Rb1 O-O-O 13. O-O Nh5 14. Rb3 Qf6 15. Qg4 Qe7 16. Rfb1 b6 17. a4 Kc7 18. a5 Rb8 19. axb6+ axb6 20. Ra3 Ra8 21. Rba1 Rxa3 22. Rxa3 Kb7 23. Qd1 Ra8 24. Rxa8 Kxa8 25.
Qa4+ Kb8 26. Be3 Qd8 27. Be2 Nhf6 28. f3 Qc7 29. Bd1 Nh5 30. Qa2 Nf4 31. Ba4 Qa7 32. Qc2 Kc7 33. Kh2 Nh5 34. Bb5 Qa3 35. Qd2 Qa1 36.
Bf2 Nf4 37. Bg3 Nh5 38. Bf2 Nf4 39. Be3 Nh5 40. Bh6 f6 41. Be3 Nf4 42. Bxf4 exf4 43. Qxf4 Qxc3 44. Qh4 Qe5+ 45. Kg1 h5 46. Qe1 Qd4+ 47.
Kh2 Ne5 48. Qc1 Qf2 49. Qc3 g5 50. Qa3 1-0

[Event "Late-Titled-Tuesday-Blitz-March-19-2024"]
[Site "Chess.com"]
[Date "2024.03.19"]
[Round "9"]
[White "Korchmar_Vasiliy"]
[Black "Marcan2b"]
[Result "0-1"]
[WhiteElo "2713"]
[BlackElo "2933"]
[TimeControl "180+1"]
[EndTime "15:43:59 PDT"]
[Termination "Marcan2b won by checkmate"]

1. e4 c5 2. d4 cxd4 3. Qxd4 Nc6 4.
Qd3 g6 5. Nc3 Bg7 6. Nf3 d6 7. Be2 Nf6 8. O-O O-O 9. Nd5 Bg4 10. c3 Nd7 11. Bg5 h6 12. Bh4 Nc5 13. Qe3 Re8 14. Rad1 Ne6 15. h3 Bxf3 16. Bxf3 Ne5 17.
Be2 g5 18. Bg3 Ng6 19. Kh1 Nc7 20. f4 Nxd5 21. Rxd5 e6 22. Rb5 gxf4 23. Bxf4 Nxf4 24. Qxf4 Re7 25. Bh5 Qd7 26. a4 Rf8 27. Bd1 f5 28.
exf5 a6 29. Ra5 b6 30. Rxa6 Rxf5 31. Qc4 d5 32. Qd3 Rxf1+ 33. Qxf1 Rf7 34. Qd3 Qd8 35. a5 Qg5 36. Ra8+ Bf8 37. axb6 Kg7 38. Ra7 Bd6 39. Qf3 Rxa7 40. bxa7 Qe5 41. Kg1 Qe1+ 42. Qf1 Bc5+ 43. Kh2 Qxf1 44. a8=Q Bd6+ 45. g3 Qf2+ 46. Kh1 Qe1+ 47. Kg2 Qd2+ 48. Kf3 Qxd1+ 49. Kf2 Bc5+ 50. Kg2 Qe2+ 51. Kh1 Qf1+ 52. Kh2 Qg1# 0-1

[Event "Late-Titled-Tuesday-Blitz-March-19-2024"]
[Site "Chess.com"]
[Date "2024.03.19"]
[Round "9"]
[White "Lukianoo"]
[Black "Harsha_Bharathakoti"]
[Result "0-1"]
[WhiteElo "2846"]
[BlackElo "2956"]
[TimeControl "180+1"]
[EndTime "15:44:00 PDT"]
[Termination "Harsha_Bharathakoti won by checkmate"]

1. e4 e6 2. d4 d5 3. e5 c5 4.
c3 Nc6 5. Nf3 Bd7 6. Be2 Nge7 7.
O-O cxd4 8. cxd4 Nf5 9. Bg5 Qb6 10. Nc3 Nfxd4 11. Nxd4 Qxd4 12. Nb5 Qxe5 13. Bh4 Rc8 14.
Bf3 Be7 15. Bg3 Qxb2 16. Nd6+ Bxd6 17. Bxd6 Qf6 18. Re1 Ne7 19. Bxd5 Nxd5 20. Rb1 Bc6 21. Rb3 Rd8 22. Ba3 Ne7 23. Qh5 O-O 24. Rg3 Nf5 25.
Rg4 Qc3 26. Bb4 Qxe1+ 27. Bxe1 Rd1 28. h3 Rxe1+ 29. Kh2 g6 30. Qg5 Kg7 31. Qd2 Rf1 32. Qe2 Rb1 33. Rf4 Kg8 34. Qc2 Ra1 35. g4 Ng7 36. Rd4 Rh1+ 37. Kg3 Rg1+ 38. Kh4 e5 39. Rd6 Ne6 40. Qc3 Nd4 41. Kg5 Nf3+ 42. Kh6 Rh1 43. Rxg6+ hxg6 44. Qxf3 Bxf3 45. h4 Rh3 46. Kg5 Rxh4 47.
Kf6 Bxg4 48. Kxe5 Bf3 49. Kf6 Re4 50. Kg5 Re6 51. a4 Bc6 52. a5 Re5+ 53. Kf6 Rf5+ 54. Ke7 Re8+ 55. Kd6 Re6+ 56. Kc7 Rd5 57. a6 bxa6 58.
Kb8 Rd7 59. Kc8 Re8# 0-1

[Event "Late-Titled-Tuesday-Blitz-March-19-2024"]
[Site "Chess.com"]
[Date "2024.03.19"]
[Round "9"]
[White "Alex_Banzea"]
[Black "Misterfox120"]
[Result "1/2-1/2"]
[WhiteElo "2582"]
[BlackElo "2474"]
[TimeControl "180+1"]
[EndTime "15:44:00 PDT"]
[Termination "Game drawn by agreement"]

1. d4 d5 2. Nc3 Nf6 3. Bf4 a6 4. e3 b5 5. a3 Bb7 6. Nf3 e6 7. b4 Bd6 8. Ne5 Nfd7 9. Bd3 Nc6 10. Nxc6 Bxc6 11. O-O O-O 12. Ne2 Nf6 13. c3 Qe7 14. Bc2 Bd7 15. Nc1 e5 16. dxe5 Bxe5 17. Bxe5 Qxe5 18.
Qd4 Qd6 19. Nd3 Be6 20. Nc5 Nd7 21. Nxd7 Qxd7 22. a4 Qc6 23. axb5 axb5 24. Ra5 Rxa5 25.
bxa5 Ra8 26. Ra1 Ra6 27. Bd3 Qb7 28. Qb4 c6 29. Qd6 Qd7 30. Qc5 Qa7 31. Qxa7 Rxa7 32. e4 g6 33. f4 Kf8 34. Kf2 Ke7 35. e5 Bd7 36. Ke3 c5 37. g4 f6 38. exf6+ Kxf6 39. h3 h6 40. Be2 g5 41. Bf3 Bc6 42. Be2 Re7+ 43. Kf2 gxf4 44. a6 Ra7 45. Ra5 Bd7 46. Bxb5 Bxb5 47. Rxb5 Rxa6 48. Rxc5 Ra3 49. Rxd5 Rxc3 50.
Rf5+ Kg6 51. Rxf4 Rxh3 52. Kg2 Ra3 53. Rb4 Ra2+ 1/2-1/2

[Event "Late-Titled-Tuesday-Blitz-March-19-2024"]
[Site "Chess.com"]
[Date "2024.03.19"]
[Round "9"]
[White "kriscacco"]
[Black "LeninGuerra"]
[Result "0-1"]
[WhiteElo "2125"]
[BlackElo "2674"]
[TimeControl "180+1"]
[EndTime "15:44:00 PDT"]
[Termination "LeninGuerra won by resignation"]

1. d4 Nf6 2. Nf3 e6 3. Bg5 c5 4. e3 Be7 5. Nbd2 O-O 6. c3 b6 7. Bd3 Bb7 8. O-O d6 9. Qe2 Nbd7 10. a3 Rc8 11. h3 h6 12. Bf4 Re8 13. Bh2 Bf8 14.
e4 cxd4 15. cxd4 e5 16. d5 Nh5 17. Rfc1 Qf6 18. Bb5 Rxc1+ 19. Rxc1 Rc8 20. Rc4 Rxc4 21. Qxc4 Qd8 22. Bc6 Bc8 23. Nb1 a6 24. Nc3 b5 25.
Qb4 Nc5 26. a4 bxa4 27. Nxa4 Nxa4 28. Qxa4 Nf6 29. Nd2 Qb6 30. Qb3 Qxb3 31. Nxb3 Nxe4 32. f4 exf4 33. Bxf4 g5 34. Be3 Bg7 35. Bd4 f5 36.
Kf1 Nd2+ 37. Nxd2 Bxd4 38. Nc4 Bc5 39. b3 Kf7 40. Ke2 f4 41. Kf3 Kf6 42. g4 fxg3 43.
Kxg3 Bf5 44. Bb7 Be4 45. h4 h5 46. hxg5+ Kxg5 47. Nd2 h4+ 48. Kh2 Bd3 49. Bc8 Kf4 50. Kh3 Bf2 51. Nc4 Bf1+ 52. Kh2 Bxc4 53.
bxc4 a5 54. Bd7 Ke5 55. Kh3 Kd4 56. Bb5 Kc5 57. Kg4 Bg3 58. Kf3 Kb4 59. Ke2 a4 60. Kd3 a3 61. Kc2 h3 62. c5 Kxb5 63. c6 Kb6 0-1

[Event "Late-Titled-Tuesday-Blitz-March-19-2024"]
[Site "Chess.com"]
[Date "2024.03.19"]
[Round "9"]
[White "Kostukov_Alex"]
[Black "emeli_chess"]
[Result "1-0"]
[WhiteElo "2290"]
[BlackElo "2384"]
[TimeControl "180+1"]
[EndTime "15:44:00 PDT"]
[Termination "Kostukov_Alex won by checkmate"]

1. g3 f5 2. d4 Nf6 3. Bg2 g6 4. c4 Bg7 5. Nc3 O-O 6. e4 fxe4 7. Nxe4 Nxe4 8. Bxe4 c6 9. Ne2 d6 10. O-O Bh3 11.
Re1 Nd7 12. Nf4 Bf5 13. Bxf5 Rxf5 14. Ne6 Qb6 15. Nxg7 Kxg7 16. Rxe7+ Rf7 17. Rxf7+ Kxf7 18. Be3 Re8 19. c5 Qb4 20. a3 Qc4 21. cxd6 Qd5 22.
Bf4 Re4 23. Qg4 Qxd6 24. Qf3 Qd5 25. Be5+ Kg8 26. Bf4 Rxd4 27. Qg4 Qf5 28. Qe2 Qe4 29. Qg4 Qf5 30. Qh4 Nf6 31. Re1 Re4 32. Rxe4 Nxe4 33. Qd8+ Qf8 34. Qc7 Qf7 35. Qb8+ Kg7 36. Qxa7 g5 37.
Qd4+ Kg8 38. Qxe4 gxf4 39. Qxf4 Qb3 40. Qe5 Kf7 41. Kg2 Qb6 42. h4 h6 43. h5 Qb3 44.
Qf5+ Ke7 45. Qh7+ Ke8 46. Qxh6 Qxb2 47. Qg6+ Ke7 48. h6 Qb5 49. h7 Qd5+ 50. Kh2 Qd4 51. Qg5+ Kf7 52. Qh5+ Kg7 53. h8=Q# 1-0

[Event "Late-Titled-Tuesday-Blitz-March-19-2024"]
[Site "Chess.com"]
[Date "2024.03.19"]
[Round "9"]
[White "MikaelyanArman"]
[Black "ChristopherYoo"]
[Result "0-1"]
[WhiteElo "2846"]
[BlackElo "2965"]
[TimeControl "180+1"]
[EndTime "15:44:07 PDT"]
[Termination "ChristopherYoo won by resignation"]

1. Nf3 c5 2. c4 Nc6 3. Nc3 e6 4. e3 Nf6 5. d4 cxd4 6. exd4 d5 7.
a3 Be7 8. c5 O-O 9. Bd3 b6 10.
b4 bxc5 11. bxc5 e5 12. dxe5 Ng4 13. O-O Bxc5 14. Bf4 Qa5 15. Nxd5 Rd8 16. Be4 Be6 17. Ng5 Nxf2 18. Bxh7+ Kf8 19. Nxe6+ fxe6 20. Be3 Rxd5 21. Qf3+ Ke7 22. Rxf2 Nxe5 23. Qg3 Bxe3 24. Qxe3 Ng4 25. Qb3 Nxf2 26. Qb7+ Rd7 27. Qxa8 Qc5 28. Qf3 Ne4+ 29. Kh1 Ng5 30. Qg3 Nxh7 31. Qxg7+ Kd8 32. Qh8+ Nf8 33.
h3 Ke8 34. Rf1 Rf7 35. Rd1 Qg5 36. Qd4 Rd7 37. Qa4 Qc5 38. Rf1 Qd6 39. Qg4 Qe5 40. Qg8 Qg7 41. Qxg7 Rxg7 42. Rf4 Ke7 43. g4 Ng6 44.
Ra4 Kf6 45. Kg2 Rb7 46. Kg3 Rb3+ 47. Kg2 e5 48. Ra6+ Kg5 49. Rxa7 Nf4+ 50. Kf2 Nxh3+ 51. Ke2 Kxg4 52. a4 Nf4+ 53. Kd2 e4 54.
Re7 Kf3 55. a5 Ra3 56. Re5 e3+ 57. Kc2 e2 58. a6 Rxa6 0-1

[Event "Late-Titled-Tuesday-Blitz-March-19-2024"]
[Site "Chess.com"]
[Date "2024.03.19"]
[Round "9"]
[White "Polish_fighter3000"]
[Black "MagnusCarlsen"]
[Result "0-1"]
[WhiteElo "3140"]
[BlackElo "3264"]
[TimeControl "180+1"]
[EndTime "15:44:08 PDT"]
[Termination "MagnusCarlsen won by resignation"]

1. c4 c5 2. Nc3 g6 3. g3 Bg7 4. Bg2 Nc6 5. Nf3 d6 6. O-O Bf5 7. d3 Qd7 8. Re1 Bh3 9. Bh1 Nf6 10. Rb1 O-O 11. a3 Rac8 12. b4 b6 13. Ng5 Bf5 14. h4 h6 15. Nf3 e6 16. Bg2 Rfe8 17. Bd2 d5 18. cxd5 exd5 19. bxc5 bxc5 20. Rc1 Nd4 21. Nxd4 cxd4 22. Na2 Rxc1 23. Nxc1 Ng4 24. Nb3 Qd6 25. Bb4 Qe5 26. Qd2 Ne3 27. Bc5 Nxg2 28. Kxg2 Qb8 29. Nxd4 Bd7 30. Nf3 Bg4 31. Qb4 Qc8 32. Bxa7 Bc3 33.
Rc1 Bxb4 34. Rxc8 Bxc8 35. axb4 Rxe2 36. b5 Rb2 37. Nd4 Bf5 38. Nxf5 gxf5 39. Kf3 Rxb5 40. Kf4 Rb3 41. Kxf5 Rxd3 42. Ke5 Kg7 43. Bd4 Kg6 44.
Be3 h5 45. Bd4 Rd1 46. Be3 f6+ 47. Kd6 d4 48. Bf4 d3 49. Kd5 Rf1 50. Kd4 Rxf2 51.
Kxd3 Kf5 52. Ke3 Rf1 53. Bd6 Kg4 54. Ke2 Rf3 0-1

[Event "Late-Titled-Tuesday-Blitz-March-19-2024"]
[Site "Chess.com"]
[Date "2024.03.19"]
[Round "9"]
[White "zverr1"]
[Black "ViktoriyaTarasova"]
[Result "1/2-1/2"]
[WhiteElo "2542"]
[BlackElo "2351"]
[TimeControl "180+1"]
[EndTime "15:44:08 PDT"]
[Termination "Game drawn by repetition"]

1. e4 e5 2. Nf3 Nc6 3. Bc4 Bc5 4. O-O d6 5. c3 Nf6 6. d4 Bb6 7. Re1 O-O 8. h3 h6 9. Bb5 Bd7 10. Qd3 Re8 11. Nbd2 a6 12. Bc4 Ba7 13. Nf1 b5 14. Bb3 Na5 15. Ng3 c5 16. dxe5 dxe5 17. Bc2 c4 18. Qe2 Qc7 19. Nh4 Kh7 20. Nhf5 Ng8 21.
Bd2 g6 22. Ne3 Bxe3 23. Qxe3 Nb7 24. h4 Be6 25. b4 a5 26. a3 Red8 27. h5 Qd6 28.
hxg6+ fxg6 29. Red1 Qf8 30. Be1 axb4 31. cxb4 Qe7 32. Bc3 Rxd1+ 33. Bxd1 Qd6 34. Bc2 Nf6 35. f3 Qc7 36. Bb2 Rd8 37. Rd1 Rxd1+ 38. Bxd1 Nd7 39. Bc2 Nd8 40. Kf1 Nc6 41. Ne2 Qd6 42. Ke1 Qe7 43.
Bc1 Qd6 44. Qxh6+ Kg8 45. Qxg6+ Kf8 46. Bh6+ Ke7 47. Bg5+ Kf8 48. Ng3 c3 49. Nh5 Nxb4 50. Qg7+ Ke8 51. Qh8+ Kf7 52. Qh7+ Ke8 53. Qg6+ Kf8 54.
Bh6+ Ke7 55. Bg5+ Kf8 1/2-1/2

[Event "Late-Titled-Tuesday-Blitz-March-19-2024"]
[Site "Chess.com"]
[Date "2024.03.19"]
[Round "9"]
[White "Redzishchess"]
[Black "Charodej1"]
[Result "1/2-1/2"]
[WhiteElo "2490"]
[BlackElo "2382"]
[TimeControl "180+1"]
[EndTime "15:44:08 PDT"]
[Termination "Game drawn - insufficient material"]

1. d4 Nf6 2. c4 e6 3. Nc3 Bb4 4.
e3 O-O 5. Ne2 d5 6. a3 Be7 7.
cxd5 exd5 8. Nf4 c6 9. Bd3 Nbd7 10. O-O a5 11. f3 c5 12. Qc2 Re8 13. Ncxd5 Bf8 14.
e4 cxd4 15. Nc7 Rb8 16. Nxe8 Qxe8 17. Bd2 Qe5 18. Rac1 Bd6 19. g3 b6 20. Ne2 Qh5 21.
Bf4 Ne5 22. g4 Nfxg4 23. fxg4 Qxg4+ 24. Ng3 Be6 25. Bxe5 Bxe5 26. Qe2 Qg5 27. Qf3 g6 28.
Rf2 h5 29. Rfc2 h4 30. Kf2 hxg3+ 31. hxg3 Qe3+ 32. Qxe3 dxe3+ 33. Kxe3 Bxg3 34. Kd4 Rd8+ 35. Ke3 Be5 36. b4 axb4 37. axb4 g5 38. Be2 Bf4+ 39.
Kf3 Bxc1 40. Rxc1 Rd4 41. b5 Rd6 42. Rc6 Rxc6 43. bxc6 Kf8 44. Ba6 Ke7 45. c7 Kd6 46. c8=Q Bxc8 47. Bxc8 Ke5 48. Bf5 f6 49. Ke3 b5 50.
Bd7 b4 51. Ba4 f5 52. exf5 Kxf5 53. Bc2+ Ke5 54. Bb1 g4 55. Kf2 g3+ 56. Kg2 Kd6 57. Kxg3 Kc5 58. Kf3 Kb6 59. Ke3 Kc5 60. Kd3 Kb6 61. Kc4 Kc7 62. Kxb4 1/2-1/2

[Event "Late-Titled-Tuesday-Blitz-March-19-2024"]
[Site "Chess.com"]
[Date "2024.03.19"]
[Round "9"]
[White "SoltaniciR"]
[Black "alexrustemov"]
[Result "1/2-1/2"]
[WhiteElo "2662"]
[BlackElo "2851"]
[TimeControl "180+1"]
[EndTime "15:44:11 PDT"]
[Termination "Game drawn by repetition"]

1. e4 e6 2. d4 d5 3. Nd2 dxe4 4. Nxe4 Bd7 5. Nf3 Bc6 6. Bd3 Nd7 7. O-O Ngf6 8. Ned2 Be7 9. b3 O-O 10. c4 b6 11. Bb2 Bb7 12. Qe2 c5 13. Rad1 Re8 14. dxc5 bxc5 15. Ne4 Qc7 16. Rfe1 Rad8 17. Nc3 a6 18. Bc2 h6 19. h3 Qf4 20. Ne4 Nxe4 21. Bxe4 Bxe4 22. Qxe4 Qxe4 23. Rxe4 Nb8 24. Ree1 Nc6 25.
Ne5 Nxe5 26. Bxe5 f6 27. Bc7 Rxd1 28. Rxd1 Rc8 29. Rd7 Kf8 30. Ba5 Rc6 31. Kf1 e5 32.
g4 Rd6 33. Rxd6 Bxd6 34. Ke2 g6 35. Bd2 h5 36. a3 f5 37. f3 Ke7 38. gxh5 gxh5 39.
Kd3 Kd7 40. b4 Kc6 41. Be1 Be7 42. Bc3 Bd6 43. Be1 Bc7 44. Bc3 Kb6 45. Be1 Kb7 46. Bc3 Kc6 47. Bd2 a5 48. b5+ Kd6 49. a4 Bb6 50. Be1 Ke6 51. Bd2 Kf6 52. Bc1 Bc7 53. Bd2 Ke6 54. Bc1 Bb6 55. Be3 Kf6 56. Bd2 Kg6 57.
Be3 Kf7 58. Bd2 Ke6 59. Bc1 Bc7 60. Bd2 Bb6 61. Bc1 Kf6 62. Bd2 Ke6 1/2-1/2

[Event "Late-Titled-Tuesday-Blitz-March-19-2024"]
[Site "Chess.com"]
[Date "2024.03.19"]
[Round "9"]
[White "Oleksandr_Bortnyk"]
[Black "DanielNaroditsky"]
[Result "1-0"]
[WhiteElo "3093"]
[BlackElo "3168"]
[TimeControl "180+1"]
[EndTime "15:44:14 PDT"]
[Termination "Oleksandr_Bortnyk won by checkmate"]

1. e4 c5 2. Nf3 d6 3. Bc4 Nf6 4.
d3 Nc6 5. h3 e6 6. O-O Be7 7. c3 d5 8. exd5 exd5 9. Bb3 O-O 10.
d4 cxd4 11. Nxd4 Nxd4 12. Qxd4 Be6 13. Bf4 Rc8 14. Nd2 Bc5 15. Qd3 h6 16. Rae1 Re8 17.
Bc2 Bf8 18. Nf3 d4 19. Qxd4 Qa5 20. Be5 Nd7 21. Bg3 Nf6 22. a3 Red8 23. Qh4 Bc4 24. Re5 Qb6 25. Rfe1 Qxb2 26. Bf5 Ra8 27. Qxc4 Qxa3 28.
Bh4 Rd6 29. Bxf6 Rxf6 30. Bb1 a6 31. Qe4 g6 32. Qxb7 Rd8 33. Qe4 Qxc3 34. Re8 Rxe8 35. Qxe8 Kg7 36. Qe5 Qc6 37. Nd4 Qb6 38. Nf3 Bc5 39.
Rf1 Bd6 40. Qc3 Bb4 41. Qa1 Qc5 42. Qe5 Qb6 43. Ba2 Bd6 44. Qc3 a5 45. Bc4 Qc5 46. Nd2 Be5 47. Qe3 Bd4 48. Qd3 Qe5 49. Nf3 Rxf3 50.
Qxf3 Qc7 51. Bd5 a4 52. Rd1 Bb2 53. g3 a3 54. Ba2 Qe7 55. Kg2 h5 56. h4 Bf6 57.
Qd5 Bb2 58. Rd3 Kh6 59. Qxf7 Qxf7 60. Bxf7 g5 61. hxg5+ Kxg5 62. Ba2 h4 63. Rd5+ Kg4 64. f3# 1-0

[Event "Late-Titled-Tuesday-Blitz-March-19-2024"]
[Site "Chess.com"]
[Date "2024.03.19"]
[Round "9"]
[White "RantomOpening"]
[Black "JoakimVonAnd"]
[Result "1-0"]
[WhiteElo "2616"]
[BlackElo "2704"]
[TimeControl "180+1"]
[EndTime "15:44:19 PDT"]
[Termination "RantomOpening won by checkmate"]

1. c4 c6 2. Nf3 d5 3. e3 Nf6 4.
Nc3 Bf5 5. Qb3 Qb6 6. cxd5 Qxb3 7. axb3 Nxd5 8. Nxd5 cxd5 9. Nd4 Bd7 10. Nb5 Bxb5 11. Bxb5+ Nd7 12. d4 e6 13. Bd2 Bd6 14. f4 Ke7 15.
Ke2 a6 16. Bd3 f5 17. h3 h5 18. Rag1 h4 19. g4 hxg3 20. Rxg3 Kf7 21. Rhg1 Rh7 22.
Kf2 Rah8 23. Bf1 Nf6 24. Bg2 Rc8 25. Bc3 b5 26. b4 a5 27. bxa5 b4 28. Bd2 Rc2 29.
Ke2 Rxb2 30. Ra1 b3 31. Kd1 Ra2 32. Rb1 b2 33. Kc2 Ba3 34. Bf3 Rh8 35. Rgg1 Rxh3 36.
Kb3 Ra1 37. Rxa1 bxa1=Q 38. Rxa1 Bd6 39. a6 Bb8 40. a7 Bxa7 41. Rxa7+ Kg6 42. Bd1 Ne4 43. Bc1 Nf2 44. Bc2 Ng4 45. Ra3 Nxe3 46. Ka4 Rh2 47. Rxe3 Rxc2 48. Rxe6+ Kf7 49. Re1 Rc4+ 50.
Kb5 Rxd4 51. Kc5 Rd3 52. Kd6 Rd4 53. Ke5 Re4+ 54. Rxe4 fxe4 55. Kxd5 e3 56. Bxe3 Kg6 57. Ke4 Kh5 58. f5 Kg4 59. Ke5 Kh5 60. Ke6 Kg4 61. Bd4 Kg5 62. Bxg7 Kf4 63. f6 Kg5 64. f7 Kg6 65.
f8=Q Kg5 66. Qf5+ Kh4 67. Qg6 Kh3 68. Be5 Kh4 69. Bf4 Kh3 70. Qg3# 1-0